 Dungeon Crawl Stone Soup version 0.28.0-45-g0d030f2227 (webtiles) character file.

Game seed: 1824636197882378512

714 DearestLeader the Chopper (level 7, -23/60 HPs)
             Began as a Gnoll Chaos Knight on Apr 20, 2022.
             Was a Plaything of Xom.
             Annihilated by an ogre
             ... wielding a +0 giant spiked club
              (27 damage)
             ... on level 4 of the Dungeon.
             The game lasted 00:06:43 (4386 turns).

DearestLeader the Chopper (Gnoll Chaos Knight)      Turns: 4386, Time: 00:06:43

Health: -23/60     AC: 11    Str: 14    XL:     7   Next: 69%
Magic:  10/10      EV: 12    Int: 11    God:    Xom [...*..]
Gold:   262        SH:  0    Dex: 11    Spells: 11/11 levels left

rFire   . . .      SeeInvis .   a - +0 hand axe (chaos)
rCold   . . .      Faith    .   (no shield)
rNeg    . . .      Spirit   .   b - +2 leather armour
rPois   .          Reflect  .   g - +0 helmet
rElec   .          Harm     .   l - +0 cloak
rCorr   +          Rampage  .   c - +0 pair of gloves
Will    .....                   p - +0 pair of boots
Stlth   ++........              (no amulet)
HPRegen 0.20/turn               k - ring of resist corrosion
MPRegen 0.12/turn               (no ring)

@: on berserk cooldown, hasted and slowed
A: fangs 1, strong nose, distributed training, iridescent scales 1, deformed
body
a: Renounce Religion


You were on level 4 of the Dungeon.
You worshipped Xom.
You were a favourite toy of Xom.
You visited 1 branch of the dungeon, and saw 4 of its levels.

You collected 262 gold pieces.

Inventory:

Hand Weapons
 a - a +0 hand axe of chaos (weapon)
Armour
 b - a +2 leather armour (worn)
 c - a +0 pair of gloves (worn)
 g - a +0 helmet (worn)
 l - a +0 cloak (worn)
 p - a +0 pair of boots (worn)
Jewellery
 k - a ring of resist corrosion (left hand)
Scrolls
 f - 2 scrolls of amnesia {unknown}
 h - 4 scrolls of torment {unknown}
 i - 4 scrolls of identify {unknown}
 n - a scroll of blinking {unknown}
 r - a scroll of vulnerability {unknown}
 s - a scroll of teleportation {unknown}
 t - a scroll of magic mapping {unknown}
 w - a scroll of fog {unknown}
 x - a scroll of holy word {unknown}
Potions
 d - 4 potions of degeneration
 m - a potion of magic
 u - a potion of mutation {unknown}
 v - a potion of resistance {unknown}


   Skills:
 + Level 7.1 Fighting
 + Level 2.6 Short Blades
 + Level 2.6 Long Blades
 + Level 7.1 Axes
 + Level 2.6 Maces & Flails
 + Level 2.6 Polearms
 + Level 2.6 Staves
 + Level 2.6 Slings
 + Level 2.6 Bows
 + Level 2.6 Crossbows
 + Level 2.6 Throwing
 + Level 5.3 Armour
 + Level 3.7 Dodging
 + Level 2.6 Stealth
 + Level 2.6 Shields
 + Level 2.6 Unarmed Combat
 + Level 2.6 Spellcasting
 + Level 2.1 Conjurations
 + Level 2.1 Hexes
 + Level 2.1 Summonings
 + Level 2.1 Necromancy
 + Level 2.1 Translocations
 + Level 2.1 Transmutations
 + Level 2.1 Fire Magic
 + Level 2.1 Ice Magic
 + Level 2.1 Air Magic
 + Level 2.1 Earth Magic
 + Level 2.1 Poison Magic
 + Level 2.9 Invocations
 + Level 2.6 Evocations


You had 11 spell levels left.
You didn't know any spells.
Your spell library contained the following spells:

 Spells                   Type           Power      Damage    Failure   Level
 Slow                     Hex            24%        N/A       14%         1
 Corpse Rot               Necr/Air       12%        N/A       22%         2
 Confusing Touch          Hex            6%         N/A       38%         3
 Summon Guardian Golem    Hex/Summ       6%         N/A       38%         3
 Vampiric Draining        Necr           6%         2d6       38%         3
 Dispel Undead            Necr           6%         3d8       80%         4
 Death Channel            Necr           3%         N/A       100%        6
 Orb of Destruction       Conj           3%         9d5       100%        7
 Spellforged Servitor     Conj/Summ      3%         N/A       100%        7
 Borgnjor's Revivificati  Necr           3%         N/A       100%        8
 Necromutation            Tmut/Necr      3%         N/A       100%        8
 Death's Door             Necr           3%         N/A       100%        9


Dungeon Overview and Level Annotations

Branches:
Dungeon (4/15)
 Temple: D:4-7

Altars:
Cheibriados
Gozag
Ru
Trog
Xom

Shops:
D:3 (


Innate Abilities, Weirdness & Mutations

You have very sharp teeth.
Your uncanny sense of smell can sniff out nearby items.
Your experience applies equally to all skills.
You are partially covered in iridescent scales. (AC +2)
Armour fits poorly on your strangely shaped body.


Message History

You feel your intelligence returning.
You slash the orc!
You kill the orc!
Things that are here:
a +0 mace; a +0 giant spiked club You feel a strong urge to attack something.
There is an open door, spattered with blood here.
You are no longer berserk.
You are exhausted.
You feel yourself slow down.
You hit the hound skeleton. You burn the hound skeleton.
You punch the hound skeleton, but do no damage.
The hound skeleton is heavily damaged.
The hound skeleton closely misses you. x2
You hit the hound skeleton. You bite the hound skeleton.
The hound skeleton is heavily damaged.
The hound skeleton closely misses you. x2
You barely miss the hound skeleton.
The hound skeleton is heavily damaged.
You hit the hound skeleton but do no damage.
The hound skeleton is heavily damaged.
The hound skeleton bites itself.
You slash the hound skeleton!
You destroy the hound skeleton!
You feel your strength returning.
Your butterfly degenerates into a cloud of primal chaos!
An ogre is nearby!
It was a potion of haste.
You feel yourself speed up. The ogre misses you.
You feel better.
The ogre hits you with a +0 giant spiked club!
You slash the ogre!
The ogre is moderately wounded.
You hit the ogre.
The ogre flickers and vanishes!
Deactivating autopickup; reactivate with Ctrl-A.
Something hits you!!
* * * LOW HITPOINT WARNING * * *
You hit something but do no damage.
Nothing appears to happen.
Something hits you!!
You die...
Xom is highly amused!

......##...###..............#....
≈........#.###......#............
≈..#####........##.##....###.....
≈..# ###.................##......
≈..# #....................#.#....
≈.## #.####.....####..#.#.....##.
≈.# #.#∆ ##...##.)#..#.##.<..##.
..# ##.# ##.##...#..#.#...#..##
### #..## #.#.@.##........##.#
#...## +#.#{.##.........##.##
#....###..)###...............
#........8........##....##..#
#####....###...###...)##....###.#
#.......## +#.#).##...##....#....
#......## #.#...##..####.##....
#......# ##.##...#..####.......
#......#∆ ##...##..#.............


There were no monsters in sight!

Vanquished Creatures
  A sky beast (D:3)
  A black bear (D:3)
  An ogre (D:4)
  2 scorpions (D:4)
  A jelly (D:3)
  A centaur skeleton (D:4)
  A hound (D:4)
  2 hound skeletons (D:4)
  10 adders
  A river rat (D:3)
  6 worms
  4 dart slugs
  An orc (D:4)
  9 ball pythons
  4 bats
  9 endoplasms
  2 giant cockroaches (D:4)
  11 goblins
  11 hobgoblins
  A jackal (D:4)
  4 quokkas
  15 kobolds
  12 rats
110 creatures vanquished.

Notes
Turn   | Place    | Note
-------+----------+-------------------------------------------
     0 | D:1      | DearestLeader the Gnoll Chaos Knight began the quest for
                  | the Orb.
     0 | D:1      | Reached XP level 1. HP: 23/23 MP: 1/1
   101 | D:1      | XOM: divination: magic mapping
   141 | D:1      | Reached XP level 2. HP: 17/29 MP: 2/2
   407 | D:1      | XOM: silly message
   594 | D:1      | Reached XP level 3. HP: 35/35 MP: 3/3
   720 | D:1      | XOM: silly message
   838 | D:1      | Found a faded altar of an unknown god.
   874 | D:1      | XOM: cloud trail
   890 | D:1      | XOM: divination: detect creatures
  1347 | D:2      | Reached skill level 1 in Invocations
  1389 | D:2      | XOM: 4-stop teleportation journey
  1606 | D:2      | Reached skill level 1 in Short Blades
  1606 | D:2      | Reached skill level 1 in Long Blades
  1606 | D:2      | Reached skill level 1 in Maces & Flails
  1606 | D:2      | Reached skill level 1 in Polearms
  1606 | D:2      | Reached skill level 1 in Staves
  1606 | D:2      | Reached skill level 1 in Slings
  1606 | D:2      | Reached skill level 1 in Bows
  1606 | D:2      | Reached skill level 1 in Crossbows
  1606 | D:2      | Reached skill level 1 in Throwing
  1606 | D:2      | Reached skill level 1 in Stealth
  1606 | D:2      | Reached skill level 1 in Shields
  1606 | D:2      | Reached skill level 1 in Unarmed Combat
  1606 | D:2      | Reached skill level 1 in Spellcasting
  1606 | D:2      | Reached skill level 1 in Evocations
  1699 | D:2      | XOM: god gift: Necronomicon
  1735 | D:2      | XOM: give mutations
  1735 | D:2      | Gained mutation: You have sharp toenails. [Xom's grace]
  1735 | D:2      | Gained mutation: You are partially covered in iridescent
                  | scales. (AC +2) [Xom's grace]
  1735 | D:2      | Gained mutation: You are agile. (Dex +2) [Xom's grace]
  1773 | D:2      | XOM: 3-stop teleportation journey
  1777 | D:2      | Reached XP level 4. HP: 41/41 MP: 5/5
  1884 | D:2      | XOM: noise
  1957 | D:2      | XOM: cast spell 'Alistair's Intoxication'
  1963 | D:2      | Reached skill level 1 in Conjurations
  1963 | D:2      | Reached skill level 1 in Hexes
  1963 | D:2      | Reached skill level 1 in Summonings
  1963 | D:2      | Reached skill level 1 in Necromancy
  1963 | D:2      | Reached skill level 1 in Translocations
  1963 | D:2      | Reached skill level 1 in Transmutations
  1963 | D:2      | Reached skill level 1 in Fire Magic
  1963 | D:2      | Reached skill level 1 in Ice Magic
  1963 | D:2      | Reached skill level 1 in Air Magic
  1963 | D:2      | Reached skill level 1 in Earth Magic
  1963 | D:2      | Reached skill level 1 in Poison Magic
  2065 | D:2      | Found a snail-covered altar of Cheibriados.
  2531 | D:3      | XOM: 2-stop teleportation journey
  2561 | D:3      | Reached XP level 5. HP: 41/47 MP: 6/6
  2621 | D:3      | Noticed a black bear
  2622 | D:3      | XOM: divination: detect creatures
  2623 | D:3      | XOM: polymorph endoplasm -> river rat
  2641 | D:3      | XOM: summons 1 hostile shadow creature
  2646 | D:3      | Killed a black bear
  2733 | D:3      | Reached XP level 6. HP: 51/53 MP: 8/8
  2785 | D:3      | Found a shimmering altar of Xom.
  2896 | D:3      | Found Wuyrrat's Antique Weapon Shoppe.
  3064 | D:3      | Found a sacrificial altar of Ru.
  3131 | D:3      | XOM: 1-stop teleportation journey
  3158 | D:3      | Found a bloodstained altar of Trog.
  3447 | D:4      | Noticed a sky beast
  3496 | D:3      | Killed a sky beast
  3497 | D:3      | Reached skill level 5 in Armour
  3814 | D:4      | XOM: enchant monster (bad)
  3820 | D:4      | Reached XP level 7. HP: 53/59 MP: 10/10
  3996 | D:4      | XOM: confuse monster(s)
  4192 | D:4      | XOM: give mutations
  4192 | D:4      | Gained mutation: Armour fits poorly on your strangely
                  | shaped body. [Xom's mischief]
  4192 | D:4      | Lost mutation: You are agile. (Dex +2) [Xom's mischief]
  4192 | D:4      | Lost mutation: You have sharp toenails. [Xom's mischief]
  4243 | D:4      | Found an opulent altar of Gozag.
  4349 | D:4      | XOM: confuse monster(s)
  4349 | D:4      | XOM: butterfly on damage
  4386 | D:4      | Annihilated by an ogre

Illustrated notes

Levels and vault maps discovered:
D:1:      elethiomel_arrival_infinity_welcomes_careful_drivers, layout_basic,
          ebering_ecumenical_altar_sacrificial, ebering_dispersal_statue_hall,
          serial_bayou_lagoon_a, minmay_rat_gold_closets
D:2:      layout_loops_cross, basic_altar, st_stairs_5, minmay_joined_circles,
          uniq_crazy_yiuf_cottage
D:3:      layout_loops_cross, nicolae_ru_path_of_blood,
          mainiacjoe_overflow_concentric_impassable, trog_hazing_becter,
          serial_shops, shop, kennysheep_generic_room_2
D:4:      cheibrodos_barr_body, layout_rooms, mainiacjoe_overflow_brackets,
          minmay_liquid_box, minmay_rat_hole

Skill      XL: |  1  2  3  4  5  6  7 |
---------------+----------------------+-----
Invocations    | 1 2 |  2.9
Short Blades   | 1 2 |  2.6
Long Blades    | 1 2 |  2.6
Maces & Flails | 1 2 |  2.6
Polearms       | 1 2 |  2.6
Staves         | 1 2 |  2.6
Slings         | 1 2 |  2.6
Bows           | 1 2 |  2.6
Crossbows      | 1 2 |  2.6
Throwing       | 1 2 |  2.6
Stealth        | 1 2 |  2.6
Shields        | 1 2 |  2.6
Unarmed Combat | 1 2 |  2.6
Spellcasting   | 1 2 |  2.6
Evocations     | 1 2 |  2.6
Conjurations   | 1 2 |  2.1
Hexes          | 1 2 |  2.1
Summonings     | 1 2 |  2.1
Necromancy     | 1 2 |  2.1
Translocations | 1 2 |  2.1
Transmutations | 1 2 |  2.1
Fire Magic     | 1 2 |  2.1
Ice Magic      | 1 2 |  2.1
Air Magic      | 1 2 |  2.1
Earth Magic    | 1 2 |  2.1
Poison Magic   | 1 2 |  2.1
Dodging        | 3 |  3.7
Armour         | 5 |  5.3
Fighting       | 7 |  7.1
Axes           | 7 |  7.1

Action                   |  1- 3 |  4- 6 |  7- 9 || total
-------------------------+-------+-------+-------++-------
Melee: Hand axe          |   128 |   164 |    86 ||   378
       Bite              |    11 |    10 |    12 ||    33
       Punch             |     3 |     2 |     3 ||     8
       Kick              |     1 |     9 |       ||    10
  Use: Potion            |       |     3 |     5 ||     8
 Stab: Sleeping          |     2 |     4 |     1 ||     7
Armor: Leather armour    |    41 |    87 |    31 ||   159
Dodge: Dodged            |    63 |    90 |    46 ||   199
